Connexion

NEW YORK Rangers vs TORONTO Maple Leafs

Created - 21 février 2024 at 05:51

Goals
1 2 3 T
NEW YORK Rangers 1 1 2 4
TORONTO Maple Leafs 0 3 2 5
Shots
1 2 3 T
NEW YORK Rangers 9 14 6 29
TORONTO Maple Leafs 4 14 21 39

GoalsPenalties
1st period
1. NEW YORK Rangers , Zach Hyman 20 (Logan Couture 27, Jakob Chychrun 44) at 9:40
Jack Mcbain (TOR) for Roughing (Minor) at 17:51
2nd period
2. TORONTO Maple Leafs , Jonathan Huberdeau 18 (Derick Brassard 18, Quinn Hughes 44) at 0:18
3. NEW YORK Rangers , Tyler Ennis 9 (Kieffer Bellows 12, John Moore 33) at 2:39
4. TORONTO Maple Leafs , Alex Debrincat 29 (Chad Ruhwedel 39, Sebastian Aho 33) at 3:24
5. TORONTO Maple Leafs , Jordan Kyrou 23 (Alex Debrincat 37, Drew Doughty 17) at 19:14
Mason Marchment (TOR) for Holding (Minor) at 5:41
Cody Goloubef (NYR) for High sticking (Minor) at 5:41
Torey Krug (NYR) for Tripping (Minor) at 8:57
3rd period
6. TORONTO Maple Leafs , Christopher Wagner 14 (Chad Ruhwedel 40, Sebastian Aho 34) at 0:53
7. NEW YORK Rangers , Logan Couture 22 (Nolan Patrick 31, Cody Goloubef 21) at 5:13
8. TORONTO Maple Leafs , Corey Perry 19 (Jake Muzzin 29, Quinn Hughes 45) at 6:31
9. NEW YORK Rangers , Cody Goloubef 8 (Logan Couture 28, Nolan Patrick 32) at 15:08
Cody Goloubef (NYR) for Roughing (Minor) at 16:49
Goalie Stats
Malcolm Subban (NYR), 34 saves from 39 shots - (0,872), L, 22-11-3, 59:56 minutes
Carter Hart (TOR), 25 saves from 29 shots - (0,862), W, 24-18-4, 60:00 minutes
3 StarsOfficial
1 - Jonathan Huberdeau (TOR)
2 - Logan Couture (NYR)
3 - Chad Ruhwedel (TOR)
Referees : Francois StLaurent and Dan Marouelli
Linesman : Thor Nelson and David Brisebois
Game Note
Jakub Vrana is injured at 3:20 of 1st period (Bruised Right Shoulder)
Finance
Level 1 -- Attendance: 5490 (91,50%) -- Ticket Income $713,700
Level 2 -- Attendance: 5068 (87,09%) -- Ticket Income $380,100
Level 3 -- Attendance: 1861 (93,05%) -- Ticket Income $93,050
Level 4 -- Attendance: 4000 (100,00%) -- Ticket Income $120,000
Luxury Box -- Attendance: 1000 (100,00%) -- Ticket Income $260,000
Game was played at the Air Canada Centre.
Total Attendance: 17419 (92,56%)
Total Ticket Income: $1,566,850
Other Income: $313,370
Total Income: $1,880,220



Team Name Goals Shots Shots Attemp Shots Blocked PIM HIT PP PK FO%
NEW YORK Rangers 4296466150 / 1 (0%)048%
TORONTO Maple Leafs 5396944230 / 2 (0%)052%

NEW YORK Rangers
Player Name POS G A P +/- PIM HIT SHT SB MP PP MP PP SHT PK MP PK SHT FO% FOT
Cody GoloubefD112-1413018:540:0001:0200% 0
Jakob ChychrunD011-1032126:361:1222:0000% 0
Jesse PuljujarviRW0001003010:490:0000:000100% 1
John MooreD0111010015:300:4701:5800% 0
Jon MerrillD000-1020119:380:4700:0000% 0
Kieffer BellowsLW0111001010:490:0000:0000% 0
Logan CoutureC/LW1230001121:130:4902:23086% 7
Logan StanleyD0001020113:360:0001:4800% 0
Nolan PatrickC0220001219:280:4902:23056% 25
Ryan StromeC/RW000-2025021:571:1000:00033% 3
Taylor HallC/LW000-2005022:071:1001:35043% 30
Torey KrugD000-1200025:431:1201:0800% 0
Travis KonecnyC/LW/RW000-2023022:211:1001:3500% 4
Trevor MooreC/LW/RW000000005:370:0000:0000% 1
Ty DellandreaC000000105:570:0000:00080% 5
Tyler EnnisC/LW1011001010:490:0000:00045% 22
Vasili PodkolzinRW000000005:370:0000:0000% 1
Zach HymanC/LW/RW1010023017:190:4900:0000% 3
TORONTO Maple Leafs
Player Name POS G A P +/- PIM HIT SHT SB MP PP MP PP SHT PK MP PK SHT FO% FOT
Alex ChiassonLW/RW000-1000112:480:0000:1700% 0
Alex DebrincatC/LW/RW1120007022:032:0900:00067% 3
Alex GoligoskiD000-1002116:311:2420:4100% 0
Brady TkachukLW000003109:240:0000:00067% 3
Chad RuhwedelD0221021121:462:1800:4100% 0
Christopher WagnerC/RW1010004010:240:0001:42060% 5
Corey PerryRW1012002017:521:4901:420100% 1
Derick BrassardC/LW/RW0112026021:472:0900:00067% 15
Dominik KahunC/LW/RW000-1002010:490:0000:0000% 0
Drew DoughtyD011-1011013:360:0000:0000% 0
Jack McbainC000-1210010:480:0000:00038% 16
Jake MuzzinD0111025024:381:4041:1800% 0
Jakub VranaLW/RW000000000:490:0000:0000% 0
Jonathan HuberdeauC/LW1012062016:101:4900:00052% 21
Jordan KyrouC/RW1010004022:032:0900:00047% 32
Mason MarchmentC/LW0000241021:031:4900:17050% 6
Quinn HughesD0221001125:572:1801:1800% 0
Sebastian AhoD0221020017:320:1600:0000% 0



Play-by-Play

1st period


0:01 of 1st period - Taylor Hall wins face-off versus Jordan Kyrou in neutral zone.
0:16 of 1st period - Mason Marchment is hit by Travis Konecny and loses puck.
0:31 of 1st period - Shot by Travis Konecny.
0:31 of 1st period - Shot Misses the Net.
0:38 of 1st period - Taylor Hall is hit by Jake Muzzin and loses puck.
1:19 of 1st period - Off-side.
1:20 of 1st period - Jonathan Huberdeau wins face-off versus Tyler Ennis in neutral zone.
1:29 of 1st period - John Moore is hit by Chad Ruhwedel and loses puck.
1:42 of 1st period - Shot by Kieffer Bellows.
1:42 of 1st period - Shot Misses the Net.
1:44 of 1st period - Shot by John Moore.
1:44 of 1st period - Deflect By Jesse Puljujarvi.
1:44 of 1st period - Stopped by Carter Hart without a rebound.
1:45 of 1st period - Ty Dellandrea wins face-off versus Derick Brassard in TORONTO Maple Leafs zone.
1:55 of 1st period - Icing by Drew Doughty.
1:56 of 1st period - Derick Brassard wins face-off versus Nolan Patrick in TORONTO Maple Leafs zone.
2:02 of 1st period - Icing by Brady Tkachuk.
2:03 of 1st period - Nolan Patrick wins face-off versus Christopher Wagner in TORONTO Maple Leafs zone.
2:25 of 1st period - Shot by Brady Tkachuk.
2:25 of 1st period - Stopped by Malcolm Subban with a rebound.
2:29 of 1st period - Shot by Derick Brassard.
2:29 of 1st period - Stopped by Malcolm Subban without a rebound.
2:30 of 1st period - Taylor Hall wins face-off versus Jack Mcbain in NEW YORK Rangers zone.
2:39 of 1st period - Shot by Ryan Strome.
2:39 of 1st period - Stopped by Carter Hart without a rebound.
2:40 of 1st period - Tyler Ennis wins face-off versus Jonathan Huberdeau in TORONTO Maple Leafs zone.
2:52 of 1st period - Icing by Kieffer Bellows.
2:53 of 1st period - Tyler Ennis wins face-off versus Jack Mcbain in NEW YORK Rangers zone.
2:53 of 1st period - Tyler Ennis is hit by Jack Mcbain.
3:16 of 1st period - Icing by John Moore.
3:17 of 1st period - Corey Perry wins face-off versus Tyler Ennis in NEW YORK Rangers zone.
3:19 of 1st period - Jakub Vrana is hit by Logan Stanley and loses puck.
3:20 of 1st period - Jakub Vrana from TORONTO Maple Leafs is injured at 3:20 of 1st period (Bruised Right Shoulder).
3:21 of 1st period - Jonathan Huberdeau wins face-off versus Taylor Hall in NEW YORK Rangers zone.
3:31 of 1st period - Jakob Chychrun is hit by Jonathan Huberdeau and loses puck.
3:50 of 1st period - Icing by Chad Ruhwedel.
3:51 of 1st period - Nolan Patrick wins face-off versus Jonathan Huberdeau in TORONTO Maple Leafs zone.
3:51 of 1st period - Jon Merrill is hit by Chad Ruhwedel and loses puck.
4:00 of 1st period - Shot by Zach Hyman.
4:00 of 1st period - Shot Misses the Net.
4:10 of 1st period - Shot by Jonathan Huberdeau.
4:10 of 1st period - Deflect By Derick Brassard.
4:10 of 1st period - Shot Misses the Net.
4:12 of 1st period - Shot by Sebastian Aho.
4:12 of 1st period - Shot Misses the Net.
4:28 of 1st period - Shot by Jordan Kyrou.
4:28 of 1st period - Shot Misses the Net.
4:42 of 1st period - Shot by Mason Marchment.
4:42 of 1st period - Shot Blocked by Nolan Patrick.
4:44 of 1st period - Shot by Quinn Hughes.
4:44 of 1st period - Shot Misses the Net.
4:56 of 1st period - Zach Hyman is hit by Mason Marchment.
5:49 of 1st period - Alex Chiasson is hit by Jakob Chychrun and loses puck.
6:29 of 1st period - Off-side.
6:30 of 1st period - Tyler Ennis wins face-off versus Jonathan Huberdeau in neutral zone.
7:48 of 1st period - Off-side.
7:49 of 1st period - Jack Mcbain wins face-off versus Taylor Hall in neutral zone.
8:10 of 1st period - Drew Doughty is hit by Travis Konecny and loses puck.
9:11 of 1st period - Shot by Zach Hyman.
9:11 of 1st period - Stopped by Carter Hart without a rebound.
9:12 of 1st period - Derick Brassard wins face-off versus Tyler Ennis in TORONTO Maple Leafs zone.
9:21 of 1st period - Tyler Ennis is hit by Brady Tkachuk and loses puck.
9:28 of 1st period - Shot by Christopher Wagner.
9:28 of 1st period - Stopped by Malcolm Subban without a rebound.
9:29 of 1st period - Nolan Patrick wins face-off versus Jordan Kyrou in NEW YORK Rangers zone.
9:40 of 1st period - Shot by Zach Hyman.
9:40 of 1st period - Goal by Zach Hyman - NEW YORK Rangers : 1 - TORONTO Maple Leafs : 0.
9:41 of 1st period - Derick Brassard wins face-off versus Tyler Ennis in neutral zone.
9:57 of 1st period - Icing by Derick Brassard.
9:58 of 1st period - Derick Brassard wins face-off versus Taylor Hall in TORONTO Maple Leafs zone.
11:08 of 1st period - Shot by Zach Hyman.
11:08 of 1st period - Shot Misses the Net.
11:33 of 1st period - Off-side.
11:34 of 1st period - Jonathan Huberdeau wins face-off versus Tyler Ennis in neutral zone.
13:11 of 1st period - Icing by Dominik Kahun.
13:12 of 1st period - Jack Mcbain wins face-off versus Taylor Hall in TORONTO Maple Leafs zone.
13:25 of 1st period - Jack Mcbain is hit by Ryan Strome and loses puck.
13:36 of 1st period - Shot by Travis Konecny.
13:36 of 1st period - Shot Misses the Net.
13:38 of 1st period - Shot by Cody Goloubef.
13:38 of 1st period - Shot Misses the Net.
13:40 of 1st period - Shot by Travis Konecny.
13:40 of 1st period - Stopped by Carter Hart without a rebound.
13:41 of 1st period - Alex Debrincat wins face-off versus Nolan Patrick in TORONTO Maple Leafs zone.
13:49 of 1st period - Off-side.
13:50 of 1st period - Jordan Kyrou wins face-off versus Nolan Patrick in neutral zone.
14:26 of 1st period - Shot by Jordan Kyrou.
14:26 of 1st period - Shot Misses the Net.
14:28 of 1st period - Shot by Mason Marchment.
14:28 of 1st period - Shot Misses the Net.
14:36 of 1st period - Shot by Jake Muzzin.
14:36 of 1st period - Stopped by Malcolm Subban without a rebound.
14:37 of 1st period - Taylor Hall wins face-off versus Jonathan Huberdeau in NEW YORK Rangers zone.
14:37 of 1st period - Taylor Hall is hit by Jonathan Huberdeau.
14:43 of 1st period - Shot by Cody Goloubef.
14:43 of 1st period - Shot Hit the Post.
14:45 of 1st period - Shot by Taylor Hall.
14:45 of 1st period - Shot Blocked by Chad Ruhwedel.
14:51 of 1st period - Shot by Ryan Strome.
14:51 of 1st period - Stopped by Carter Hart without a rebound.
14:52 of 1st period - Tyler Ennis wins face-off versus Derick Brassard in TORONTO Maple Leafs zone.
14:53 of 1st period - Shot by John Moore.
14:53 of 1st period - Shot Misses the Net.
15:25 of 1st period - John Moore is hit by Brady Tkachuk and loses puck.
15:29 of 1st period - Icing by John Moore.
15:30 of 1st period - Jordan Kyrou wins face-off versus Tyler Ennis in NEW YORK Rangers zone.
16:27 of 1st period - Shot by Travis Konecny.
16:27 of 1st period - Stopped by Carter Hart with a rebound.
16:29 of 1st period - Shot by Travis Konecny.
16:29 of 1st period - Shot Misses the Net.
17:12 of 1st period - Off-side.
17:13 of 1st period - Ty Dellandrea wins face-off versus Jack Mcbain in neutral zone.
17:51 of 1st period - Minor Penalty to Jack Mcbain for Roughing.
17:52 of 1st period - Christopher Wagner wins face-off versus Ryan Strome in TORONTO Maple Leafs zone.
18:07 of 1st period - Shot by Jakob Chychrun.
18:07 of 1st period - Stopped by Carter Hart without a rebound.
18:08 of 1st period - Nolan Patrick wins face-off versus Christopher Wagner in TORONTO Maple Leafs zone.
18:09 of 1st period - Shot by Jakob Chychrun.
18:09 of 1st period - Stopped by Carter Hart without a rebound.
18:10 of 1st period - Christopher Wagner wins face-off versus Ryan Strome in TORONTO Maple Leafs zone.
18:38 of 1st period - Off-side.
18:39 of 1st period - Christopher Wagner wins face-off versus Nolan Patrick in neutral zone.
18:39 of 1st period - Christopher Wagner is hit by Zach Hyman.
19:56 of 1st period - Icing by Chad Ruhwedel.
19:57 of 1st period - Jordan Kyrou wins face-off versus Tyler Ennis in TORONTO Maple Leafs zone.
Goals for this period are 1 for NEW YORK Rangers vs 0 for TORONTO Maple Leafs.
Shots for this period are 9 for NEW YORK Rangers vs 4 for TORONTO Maple Leafs.

2nd period


0:01 of 2nd period - Taylor Hall wins face-off versus Jonathan Huberdeau in neutral zone.
0:01 of 2nd period - Travis Konecny is hit by Jonathan Huberdeau and loses puck.
0:16 of 2nd period - Shot by Derick Brassard.
0:16 of 2nd period - Shot Misses the Net.
0:18 of 2nd period - Shot by Jonathan Huberdeau.
0:18 of 2nd period - Goal by Jonathan Huberdeau - NEW YORK Rangers : 1 - TORONTO Maple Leafs : 1.
0:19 of 2nd period - Jordan Kyrou wins face-off versus Zach Hyman in neutral zone.
0:21 of 2nd period - Mason Marchment is hit by Jon Merrill.
0:24 of 2nd period - Jordan Kyrou is hit by Cody Goloubef and loses puck.
0:33 of 2nd period - Shot by Mason Marchment.
0:33 of 2nd period - Shot Blocked by Logan Couture.
1:12 of 2nd period - Icing by Sebastian Aho.
1:13 of 2nd period - Taylor Hall wins face-off versus Jordan Kyrou in TORONTO Maple Leafs zone.
1:58 of 2nd period - Shot by Quinn Hughes.
1:58 of 2nd period - Stopped by Malcolm Subban with a rebound.
2:00 of 2nd period - Shot by Derick Brassard.
2:00 of 2nd period - Stopped by Malcolm Subban without a rebound.
2:01 of 2nd period - Jack Mcbain wins face-off versus Tyler Ennis in NEW YORK Rangers zone.
2:39 of 2nd period - Shot by Tyler Ennis.
2:39 of 2nd period - Goal by Tyler Ennis - NEW YORK Rangers : 2 - TORONTO Maple Leafs : 1.
2:40 of 2nd period - Jonathan Huberdeau wins face-off versus Nolan Patrick in neutral zone.
3:07 of 2nd period - Shot by Corey Perry.
3:07 of 2nd period - Shot Blocked by Nolan Patrick.
3:18 of 2nd period - Icing by Nolan Patrick.
3:19 of 2nd period - Alex Debrincat wins face-off versus Nolan Patrick in NEW YORK Rangers zone.
3:24 of 2nd period - Shot by Alex Debrincat.
3:24 of 2nd period - Goal by Alex Debrincat - NEW YORK Rangers : 2 - TORONTO Maple Leafs : 2.
3:25 of 2nd period - Jordan Kyrou wins face-off versus Taylor Hall in neutral zone.
3:28 of 2nd period - Jakob Chychrun is hit by Mason Marchment and loses puck.
3:55 of 2nd period - Torey Krug is hit by Mason Marchment and loses puck.
4:01 of 2nd period - Off-side.
4:02 of 2nd period - Derick Brassard wins face-off versus Tyler Ennis in neutral zone.
4:18 of 2nd period - Icing by Kieffer Bellows.
4:19 of 2nd period - Jonathan Huberdeau wins face-off versus Tyler Ennis in NEW YORK Rangers zone.
4:24 of 2nd period - Shot by Derick Brassard.
4:24 of 2nd period - Stopped by Malcolm Subban without a rebound.
4:25 of 2nd period - Taylor Hall wins face-off versus Jonathan Huberdeau in NEW YORK Rangers zone.
4:25 of 2nd period - Taylor Hall is hit by Jonathan Huberdeau.
4:57 of 2nd period - Shot by Ryan Strome.
4:57 of 2nd period - Shot Misses the Net.
5:25 of 2nd period - Jakob Chychrun is hit by Sebastian Aho and loses puck.
5:41 of 2nd period - Minor Penalty to Mason Marchment for Holding.
5:41 of 2nd period - Minor Penalty to Cody Goloubef for High sticking.
5:42 of 2nd period - Logan Couture wins face-off versus Jordan Kyrou in NEW YORK Rangers zone.
5:46 of 2nd period - Icing by John Moore.
5:47 of 2nd period - Logan Couture wins face-off versus Jordan Kyrou in NEW YORK Rangers zone.
6:01 of 2nd period - Shot by Jordan Kyrou.
6:01 of 2nd period - Stopped by Malcolm Subban without a rebound.
6:02 of 2nd period - Jordan Kyrou wins face-off versus Logan Couture in NEW YORK Rangers zone.
6:03 of 2nd period - Shot by Alex Debrincat.
6:03 of 2nd period - Shot Misses the Net.
6:05 of 2nd period - Shot by Alex Debrincat.
6:05 of 2nd period - Stopped by Malcolm Subban with a rebound.
6:13 of 2nd period - Shot by Alex Debrincat.
6:13 of 2nd period - Shot Misses the Net.
6:24 of 2nd period - Off-side.
6:25 of 2nd period - Logan Couture wins face-off versus Jordan Kyrou in neutral zone.
6:30 of 2nd period - Icing by Jordan Kyrou.
6:31 of 2nd period - Logan Couture wins face-off versus Jordan Kyrou in TORONTO Maple Leafs zone.
6:36 of 2nd period - Shot by Ryan Strome.
6:36 of 2nd period - Stopped by Carter Hart without a rebound.
6:37 of 2nd period - Logan Couture wins face-off versus Jordan Kyrou in TORONTO Maple Leafs zone.
6:58 of 2nd period - Shot by Ryan Strome.
6:58 of 2nd period - Stopped by Carter Hart with a rebound.
7:39 of 2nd period - Icing by Travis Konecny.
7:40 of 2nd period - Brady Tkachuk wins face-off versus Travis Konecny in NEW YORK Rangers zone.
7:53 of 2nd period - Shot by Tyler Ennis.
7:53 of 2nd period - Shot Misses the Net.
7:55 of 2nd period - Shot by Cody Goloubef.
7:55 of 2nd period - Stopped by Carter Hart without a rebound.
7:56 of 2nd period - Ty Dellandrea wins face-off versus Jack Mcbain in TORONTO Maple Leafs zone.
8:02 of 2nd period - Icing by Chad Ruhwedel.
8:03 of 2nd period - Jack Mcbain wins face-off versus Tyler Ennis in TORONTO Maple Leafs zone.
8:28 of 2nd period - Shot by Kieffer Bellows.
8:28 of 2nd period - Shot Misses the Net.
8:30 of 2nd period - Shot by Cody Goloubef.
8:30 of 2nd period - Stopped by Carter Hart without a rebound.
8:31 of 2nd period - Nolan Patrick wins face-off versus Jordan Kyrou in TORONTO Maple Leafs zone.
8:57 of 2nd period - Minor Penalty to Torey Krug for Tripping.
8:58 of 2nd period - Mason Marchment wins face-off versus Travis Konecny in NEW YORK Rangers zone.
8:58 of 2nd period - Quinn Hughes is hit by John Moore and loses puck.
9:14 of 2nd period - Icing by Quinn Hughes.
9:15 of 2nd period - Nolan Patrick wins face-off versus Mason Marchment in TORONTO Maple Leafs zone.
9:37 of 2nd period - Shot by Quinn Hughes.
9:37 of 2nd period - Shot Blocked by Logan Stanley.
10:16 of 2nd period - Shot by Jake Muzzin.
10:16 of 2nd period - Stopped by Malcolm Subban without a rebound.
10:17 of 2nd period - Jordan Kyrou wins face-off versus Travis Konecny in NEW YORK Rangers zone.
10:24 of 2nd period - Shot by Alex Debrincat.
10:24 of 2nd period - Shot Misses the Net.
10:26 of 2nd period - Shot by Jake Muzzin.
10:26 of 2nd period - Shot Misses the Net.
10:28 of 2nd period - Shot by Alex Goligoski.
10:28 of 2nd period - Stopped by Malcolm Subban without a rebound.
10:29 of 2nd period - Nolan Patrick wins face-off versus Jordan Kyrou in NEW YORK Rangers zone.
10:35 of 2nd period - Icing by Alex Goligoski.
10:36 of 2nd period - Nolan Patrick wins face-off versus Jordan Kyrou in TORONTO Maple Leafs zone.
11:11 of 2nd period - Shot by Ryan Strome.
11:11 of 2nd period - Shot Misses the Net.
11:13 of 2nd period - Shot by Jakob Chychrun.
11:13 of 2nd period - Shot Hit the Post.
11:15 of 2nd period - Shot by Taylor Hall.
11:15 of 2nd period - Stopped by Carter Hart without a rebound.
11:16 of 2nd period - Tyler Ennis wins face-off versus Jack Mcbain in TORONTO Maple Leafs zone.
11:16 of 2nd period - Kieffer Bellows is hit by Jake Muzzin and loses puck.
11:19 of 2nd period - Shot by Jesse Puljujarvi.
11:19 of 2nd period - Shot Misses the Net.
11:27 of 2nd period - Shot by Jesse Puljujarvi.
11:27 of 2nd period - Stopped by Carter Hart with a rebound.
11:29 of 2nd period - Shot by Cody Goloubef.
11:29 of 2nd period - Shot Misses the Net.
11:31 of 2nd period - Shot by Jon Merrill.
11:31 of 2nd period - Shot Blocked by Quinn Hughes.
11:50 of 2nd period - Icing by Cody Goloubef.
11:51 of 2nd period - Tyler Ennis wins face-off versus Jordan Kyrou in NEW YORK Rangers zone.
11:51 of 2nd period - Tyler Ennis is hit by Mason Marchment.
11:59 of 2nd period - Shot by Alex Debrincat.
11:59 of 2nd period - Stopped by Malcolm Subban without a rebound.
12:00 of 2nd period - Jordan Kyrou wins face-off versus Nolan Patrick in NEW YORK Rangers zone.
12:17 of 2nd period - Shot by Alex Debrincat.
12:17 of 2nd period - Shot Blocked by Jakob Chychrun.
12:23 of 2nd period - Shot by Sebastian Aho.
12:23 of 2nd period - Shot Misses the Net.
12:45 of 2nd period - Shot by Alex Debrincat.
12:45 of 2nd period - Shot Misses the Net.
13:07 of 2nd period - Shot by Derick Brassard.
13:07 of 2nd period - Deflect By Christopher Wagner.
13:07 of 2nd period - Stopped by Malcolm Subban without a rebound.
13:08 of 2nd period - Taylor Hall wins face-off versus Jonathan Huberdeau in NEW YORK Rangers zone.
13:21 of 2nd period - Shot by Travis Konecny.
13:21 of 2nd period - Shot Misses the Net.
13:23 of 2nd period - Shot by Ryan Strome.
13:23 of 2nd period - Deflect By Taylor Hall.
13:23 of 2nd period - Stopped by Carter Hart without a rebound.
13:24 of 2nd period - Ty Dellandrea wins face-off versus Jack Mcbain in TORONTO Maple Leafs zone.
13:38 of 2nd period - Icing by Jake Muzzin.
13:39 of 2nd period - Jack Mcbain wins face-off versus Taylor Hall in TORONTO Maple Leafs zone.
13:54 of 2nd period - Shot by Dominik Kahun.
13:54 of 2nd period - Stopped by Malcolm Subban without a rebound.
13:55 of 2nd period - Brady Tkachuk wins face-off versus Trevor Moore in NEW YORK Rangers zone.
13:55 of 2nd period - Derick Brassard is hit by Logan Stanley and loses puck.
14:09 of 2nd period - Shot by Trevor Moore.
14:09 of 2nd period - Deflect By Vasili Podkolzin.
14:09 of 2nd period - Shot Misses the Net.
14:37 of 2nd period - Shot by Ty Dellandrea.
14:37 of 2nd period - Stopped by Carter Hart without a rebound.
14:38 of 2nd period - Jordan Kyrou wins face-off versus Taylor Hall in TORONTO Maple Leafs zone.
14:47 of 2nd period - Shot by Alex Debrincat.
14:47 of 2nd period - Stopped by Malcolm Subban without a rebound.
14:48 of 2nd period - Jonathan Huberdeau wins face-off versus Zach Hyman in NEW YORK Rangers zone.
15:13 of 2nd period - Shot by Zach Hyman.
15:13 of 2nd period - Stopped by Carter Hart without a rebound.
15:14 of 2nd period - Taylor Hall wins face-off versus Jordan Kyrou in TORONTO Maple Leafs zone.
15:23 of 2nd period - Shot by Travis Konecny.
15:23 of 2nd period - Shot Misses the Net.
15:25 of 2nd period - Shot by Taylor Hall.
15:25 of 2nd period - Stopped by Carter Hart with a rebound.
15:27 of 2nd period - Shot by Taylor Hall.
15:27 of 2nd period - Stopped by Carter Hart without a rebound.
15:28 of 2nd period - Tyler Ennis wins face-off versus Jonathan Huberdeau in TORONTO Maple Leafs zone.
15:35 of 2nd period - Shot by Jesse Puljujarvi.
15:35 of 2nd period - Stopped by Carter Hart with a rebound.
16:36 of 2nd period - Shot by Travis Konecny.
16:36 of 2nd period - Shot Misses the Net.
17:28 of 2nd period - Shot by Nolan Patrick.
17:28 of 2nd period - Shot Misses the Net.
17:33 of 2nd period - Zach Hyman is hit by Drew Doughty and loses puck.
17:52 of 2nd period - Shot by Nolan Patrick.
17:52 of 2nd period - Stopped by Carter Hart without a rebound.
17:53 of 2nd period - Jonathan Huberdeau wins face-off versus Tyler Ennis in TORONTO Maple Leafs zone.
19:14 of 2nd period - Shot by Jordan Kyrou.
19:14 of 2nd period - Goal by Jordan Kyrou - NEW YORK Rangers : 2 - TORONTO Maple Leafs : 3.
19:15 of 2nd period - Nolan Patrick wins face-off versus Jack Mcbain in neutral zone.
Goals for this period are 1 for NEW YORK Rangers vs 3 for TORONTO Maple Leafs.
Shots for this period are 14 for NEW YORK Rangers vs 14 for TORONTO Maple Leafs.

3rd period


0:01 of 3rd period - Taylor Hall wins face-off versus Jordan Kyrou in neutral zone.
0:12 of 3rd period - Shot by Alex Debrincat.
0:12 of 3rd period - Deflect By Jordan Kyrou.
0:12 of 3rd period - Stopped by Malcolm Subban without a rebound.
0:13 of 3rd period - Derick Brassard wins face-off versus Nolan Patrick in NEW YORK Rangers zone.
0:16 of 3rd period - Shot by Derick Brassard.
0:16 of 3rd period - Shot Misses the Net.
0:18 of 3rd period - Shot by Sebastian Aho.
0:18 of 3rd period - Shot Misses the Net.
0:20 of 3rd period - Shot by Christopher Wagner.
0:20 of 3rd period - Stopped by Malcolm Subban without a rebound.
0:21 of 3rd period - Derick Brassard wins face-off versus Taylor Hall in NEW YORK Rangers zone.
0:24 of 3rd period - Shot by Derick Brassard.
0:24 of 3rd period - Stopped by Malcolm Subban without a rebound.
0:25 of 3rd period - Taylor Hall wins face-off versus Mason Marchment in NEW YORK Rangers zone.
0:39 of 3rd period - Shot by Alex Debrincat.
0:39 of 3rd period - Stopped by Malcolm Subban without a rebound.
0:40 of 3rd period - Nolan Patrick wins face-off versus Derick Brassard in NEW YORK Rangers zone.
0:53 of 3rd period - Shot by Christopher Wagner.
0:53 of 3rd period - Goal by Christopher Wagner - NEW YORK Rangers : 2 - TORONTO Maple Leafs : 4.
0:54 of 3rd period - Taylor Hall wins face-off versus Mason Marchment in neutral zone.
1:05 of 3rd period - Shot by Travis Konecny.
1:05 of 3rd period - Stopped by Carter Hart without a rebound.
1:06 of 3rd period - Nolan Patrick wins face-off versus Brady Tkachuk in TORONTO Maple Leafs zone.
1:20 of 3rd period - Off-side.
1:21 of 3rd period - Taylor Hall wins face-off versus Alex Debrincat in neutral zone.
1:45 of 3rd period - Shot by Alex Debrincat.
1:45 of 3rd period - Stopped by Malcolm Subban without a rebound.
1:46 of 3rd period - Nolan Patrick wins face-off versus Derick Brassard in NEW YORK Rangers zone.
1:48 of 3rd period - Icing by Logan Couture.
1:49 of 3rd period - Derick Brassard wins face-off versus Nolan Patrick in NEW YORK Rangers zone.
2:02 of 3rd period - Shot by Derick Brassard.
2:02 of 3rd period - Deflect By Christopher Wagner.
2:02 of 3rd period - Shot Misses the Net.
2:53 of 3rd period - Off-side.
2:54 of 3rd period - Jonathan Huberdeau wins face-off versus Taylor Hall in neutral zone.
3:57 of 3rd period - Shot by Jordan Kyrou.
3:57 of 3rd period - Stopped by Malcolm Subban without a rebound.
3:58 of 3rd period - Derick Brassard wins face-off versus Ty Dellandrea in NEW YORK Rangers zone.
4:05 of 3rd period - Shot by Brady Tkachuk.
4:05 of 3rd period - Shot Misses the Net.
4:35 of 3rd period - Shot by Vasili Podkolzin.
4:35 of 3rd period - Shot Misses the Net.
4:55 of 3rd period - Shot by Nolan Patrick.
4:55 of 3rd period - Shot Misses the Net.
4:57 of 3rd period - Shot by Nolan Patrick.
4:57 of 3rd period - Shot Blocked by Alex Goligoski.
5:11 of 3rd period - Shot by Nolan Patrick.
5:11 of 3rd period - Shot Misses the Net.
5:13 of 3rd period - Shot by Logan Couture.
5:13 of 3rd period - Goal by Logan Couture - NEW YORK Rangers : 3 - TORONTO Maple Leafs : 4.
5:14 of 3rd period - Jordan Kyrou wins face-off versus Taylor Hall in neutral zone.
5:23 of 3rd period - Shot by Mason Marchment.
5:23 of 3rd period - Stopped by Malcolm Subban without a rebound.
5:24 of 3rd period - Tyler Ennis wins face-off versus Jonathan Huberdeau in NEW YORK Rangers zone.
5:24 of 3rd period - Tyler Ennis is hit by Jonathan Huberdeau.
5:55 of 3rd period - Shot by Corey Perry.
5:55 of 3rd period - Stopped by Malcolm Subban without a rebound.
5:56 of 3rd period - Jordan Kyrou wins face-off versus Taylor Hall in NEW YORK Rangers zone.
6:25 of 3rd period - Shot by Alex Debrincat.
6:25 of 3rd period - Stopped by Malcolm Subban without a rebound.
6:26 of 3rd period - Derick Brassard wins face-off versus Zach Hyman in NEW YORK Rangers zone.
6:31 of 3rd period - Shot by Corey Perry.
6:31 of 3rd period - Goal by Corey Perry - NEW YORK Rangers : 3 - TORONTO Maple Leafs : 5.
6:32 of 3rd period - Nolan Patrick wins face-off versus Jonathan Huberdeau in neutral zone.
6:49 of 3rd period - Logan Couture is hit by Derick Brassard.
6:53 of 3rd period - Shot by Jonathan Huberdeau.
6:53 of 3rd period - Deflect By Derick Brassard.
6:53 of 3rd period - Stopped by Malcolm Subban without a rebound.
6:54 of 3rd period - Jordan Kyrou wins face-off versus Taylor Hall in NEW YORK Rangers zone.
6:57 of 3rd period - Shot by Jordan Kyrou.
6:57 of 3rd period - Shot Blocked by Jon Merrill.
7:02 of 3rd period - Travis Konecny is hit by Sebastian Aho.
7:26 of 3rd period - Shot by Taylor Hall.
7:26 of 3rd period - Stopped by Carter Hart without a rebound.
7:27 of 3rd period - Jonathan Huberdeau wins face-off versus Nolan Patrick in TORONTO Maple Leafs zone.
8:29 of 3rd period - Icing by Sebastian Aho.
8:30 of 3rd period - Jordan Kyrou wins face-off versus Taylor Hall in TORONTO Maple Leafs zone.
9:08 of 3rd period - Shot by Ryan Strome.
9:08 of 3rd period - Stopped by Carter Hart without a rebound.
9:09 of 3rd period - Jesse Puljujarvi wins face-off versus Jack Mcbain in TORONTO Maple Leafs zone.
9:13 of 3rd period - Icing by Alex Goligoski.
9:14 of 3rd period - Tyler Ennis wins face-off versus Jack Mcbain in TORONTO Maple Leafs zone.
9:33 of 3rd period - Shot by Tyler Ennis.
9:33 of 3rd period - Deflect By Jesse Puljujarvi.
9:33 of 3rd period - Shot Misses the Net.
9:40 of 3rd period - Off-side.
9:41 of 3rd period - Jordan Kyrou wins face-off versus Taylor Hall in neutral zone.
9:41 of 3rd period - Mason Marchment is hit by Ryan Strome and loses puck.
9:57 of 3rd period - Jake Muzzin is hit by Jakob Chychrun.
10:35 of 3rd period - Jake Muzzin is hit by Zach Hyman and loses puck.
10:50 of 3rd period - Zach Hyman is hit by Brady Tkachuk and loses puck.
11:55 of 3rd period - Off-side.
11:56 of 3rd period - Jack Mcbain wins face-off versus Taylor Hall in neutral zone.
12:11 of 3rd period - Shot by Drew Doughty.
12:11 of 3rd period - Stopped by Malcolm Subban with a rebound.
12:42 of 3rd period - Travis Konecny is hit by Derick Brassard and loses puck.
13:09 of 3rd period - Shot by Jonathan Huberdeau.
13:09 of 3rd period - Stopped by Malcolm Subban without a rebound.
13:10 of 3rd period - Tyler Ennis wins face-off versus Jordan Kyrou in NEW YORK Rangers zone.
13:31 of 3rd period - Shot by Kieffer Bellows.
13:31 of 3rd period - Stopped by Carter Hart without a rebound.
13:32 of 3rd period - Jonathan Huberdeau wins face-off versus Vasili Podkolzin in TORONTO Maple Leafs zone.
14:06 of 3rd period - Shot by Trevor Moore.
14:06 of 3rd period - Shot Misses the Net.
15:04 of 3rd period - Shot by Nolan Patrick.
15:04 of 3rd period - Shot Misses the Net.
15:06 of 3rd period - Shot by Logan Couture.
15:06 of 3rd period - Shot Misses the Net.
15:08 of 3rd period - Shot by Cody Goloubef.
15:08 of 3rd period - Goal by Cody Goloubef - NEW YORK Rangers : 4 - TORONTO Maple Leafs : 5.
15:09 of 3rd period - Taylor Hall wins face-off versus Jack Mcbain in neutral zone.
15:18 of 3rd period - Shot by Ryan Strome.
15:18 of 3rd period - Shot Blocked by Alex Chiasson.
15:34 of 3rd period - Shot by Dominik Kahun.
15:34 of 3rd period - Shot Misses the Net.
15:42 of 3rd period - Shot by Taylor Hall.
15:42 of 3rd period - Shot Misses the Net.
16:22 of 3rd period - Shot by Cody Goloubef.
16:22 of 3rd period - Shot Misses the Net.
16:24 of 3rd period - Shot by Jesse Puljujarvi.
16:24 of 3rd period - Shot Misses the Net.
16:49 of 3rd period - Minor Penalty to Cody Goloubef for Roughing.
16:50 of 3rd period - Nolan Patrick wins face-off versus Jordan Kyrou in NEW YORK Rangers zone.
17:07 of 3rd period - Shot by Chad Ruhwedel.
17:07 of 3rd period - Shot Misses the Net.
17:55 of 3rd period - Shot by Jake Muzzin.
17:55 of 3rd period - Stopped by Malcolm Subban without a rebound.
17:56 of 3rd period - Jonathan Huberdeau wins face-off versus Travis Konecny in NEW YORK Rangers zone.
18:07 of 3rd period - Shot by Corey Perry.
18:07 of 3rd period - Shot Misses the Net.
18:14 of 3rd period - Shot by Jake Muzzin.
18:14 of 3rd period - Stopped by Malcolm Subban with a rebound.
18:16 of 3rd period - Shot by Mason Marchment.
18:16 of 3rd period - Shot Misses the Net.
18:18 of 3rd period - Shot by Mason Marchment.
18:18 of 3rd period - Deflect By Corey Perry.
18:18 of 3rd period - Shot Misses the Net.
18:20 of 3rd period - Shot by Mason Marchment.
18:20 of 3rd period - Shot Misses the Net.
18:22 of 3rd period - Shot by Jake Muzzin.
18:22 of 3rd period - Stopped by Malcolm Subban with a rebound.
18:24 of 3rd period - Shot by Alex Goligoski.
18:24 of 3rd period - Stopped by Malcolm Subban without a rebound.
18:25 of 3rd period - Logan Couture wins face-off versus Jordan Kyrou in NEW YORK Rangers zone.
18:33 of 3rd period - Icing by Chad Ruhwedel.
18:34 of 3rd period - Jordan Kyrou wins face-off versus Nolan Patrick in TORONTO Maple Leafs zone.
18:57 of 3rd period - Shot by Dominik Kahun.
18:57 of 3rd period - Stopped by Malcolm Subban without a rebound.
18:58 of 3rd period - Ryan Strome wins face-off versus Derick Brassard in NEW YORK Rangers zone.
18:58 of 3rd period - Ryan Strome is hit by Jonathan Huberdeau.
19:13 of 3rd period - Corey Perry is hit by Jon Merrill and loses puck.
19:18 of 3rd period - Shot by Derick Brassard.
19:18 of 3rd period - Stopped by Malcolm Subban without a rebound.
19:19 of 3rd period - Mason Marchment wins face-off versus Taylor Hall in NEW YORK Rangers zone.
19:20 of 3rd period - Shot by Quinn Hughes.
19:20 of 3rd period - Shot Misses the Net.
19:22 of 3rd period - Shot by Chad Ruhwedel.
19:22 of 3rd period - Stopped by Malcolm Subban without a rebound.
19:23 of 3rd period - Mason Marchment wins face-off versus Taylor Hall in NEW YORK Rangers zone.
19:49 of 3rd period - Quinn Hughes is hit by Jakob Chychrun and loses puck.
19:56 of 3rd period - NEW YORK Rangers, Malcolm Subban is pulled from the net.
Goals for this period are 2 for NEW YORK Rangers vs 2 for TORONTO Maple Leafs.
Shots for this period are 6 for NEW YORK Rangers vs 21 for TORONTO Maple Leafs.